 Dungeon Crawl Stone Soup version 0.29-a0-284-gf9362112df (webtiles) character file.

Game seed: 1873323730148998263

15913 testman the Geomancer (level 12, -3/72 HPs)
             Began as a Gargoyle Earth Elementalist on Mar 14, 2022.
             Was a High Priest of Ashenzari.
             Shot with an arrow by a centaur warrior (4 damage)
             ... on level 12 of the Dungeon on Mar 15, 2022.
             The game lasted 01:07:24 (12481 turns).

testman the Geomancer (GrEE)                       Turns: 12481, Time: 01:07:25

Health: -3/72      AC: 16    Str: 12    XL:     12   Next: 32%
Magic:  34/38      EV: 29    Int: 21    God:    Ashenzari [*****.]
Gold:   866        SH:  5    Dex: 15    Spells: 20/37 levels left

rFire   . . .      SeeInvis +   m - +10 hunting sling of Neclila {freeze, Dex+5}
rCold   . . .      Faith    .   l - +0 buckler "Chained Omen" {Elem, Evo} (curse)
rNeg    + + .      Spirit   .   J - +0 troll leather armour of Desmomancy {Regen+, Range, Alch} (curse)
rPois   ∞          Reflect  .   k - +0 helmet "Behold Eternity" {Bglg, Self} (curse)
rElec   +          Harm     .   (no cloak)
rCorr   .          Rampage  .   y - +1 pair of gloves of the Chained Sage {rPois, Range, Melee} (curse)
Will    .....      Clarity  +   t - +0 pair of boots "Omniscient Chagrin" {Melee, Evo} (curse)
Stlth   +++.......              B - amulet "Oracular Relativism" {Acrobat, Alch, Range} (curse)
HPRegen 1.02/turn               p - ring of Ashenzari's Negligence {Wiz, Cun, Self} (curse)
MPRegen 0.26/turn               T - ring "Visionary of Ashenzari" {rN+ MP+9 Slay+2 SInv, Elem, Cun} (curse)

@: acrobatic
A: sickness immunity, AC +8, negative energy resistance 1, electricity
resistance, torment resistance 1, petrification resistance
a: Renounce Religion, Curse Item, Shatter the Chains


You were on level 12 of the Dungeon.
You worshipped Ashenzari.
Ashenzari was extremely pleased with you.
You visited 1 branch of the dungeon, and saw 12 of its levels.

You collected 866 gold pieces.

Inventory:

Hand Weapons
 m - the +10 hunting sling of Neclila (weapon) {freeze, Dex+5}
   (You found it on level 2 of the Dungeon)

   Any ammunition fired from it freezes those it strikes, dealing additional
   cold damage.
   It can also slow down cold-blooded creatures.
   Dex:       It affects your dexterity (+5).
 q - a +2 mace of protection
 r - a +2 dagger of draining
 H - a +2 dire flail
 V - a +0 morningstar
Missiles
 a - 382 stones
 i - 10 boomerangs
 o - 8 poisoned darts
 D - a throwing net
 I - 6 datura-tipped darts
Armour
 k - the cursed +0 helmet "Behold Eternity" (worn) {Bglg, Self}
   (You found it on level 1 of the Dungeon)

   It has a curse which improves the following skills: Beguiling: Conjurations,
   Hexes and Translocations.
   Introspection: Fighting and Spellcasting.
 l - the cursed +0 buckler "Chained Omen" (worn) {Elem, Evo}
   (You found it on level 2 of the Dungeon)

   It has a curse which improves the following skills: Elements: Fire Magic, Ice
   Magic, Air Magic and Earth Magic.
   Evocations: Evocations.
 t - the cursed +0 pair of boots "Omniscient Chagrin" (worn) {Melee, Evo}
   (You found it on level 5 of the Dungeon)

   It has a curse which improves the following skills: Melee Combat: Short
   Blades, Long Blades, Axes, Maces & Flails, Polearms, Staves and Unarmed
   Combat.
   Evocations: Evocations.
 y - the cursed +1 pair of gloves of the Chained Sage (worn) {rPois, Range, Melee}
   (You acquired it on level 6 of the Dungeon)

   rPois:     It protects you from poison.
   It has a curse which improves the following skills: Ranged Combat: Slings,
   Bows, Crossbows and Throwing.
   Melee Combat: Short Blades, Long Blades, Axes, Maces & Flails, Polearms,
   Staves and Unarmed Combat.
 J - the cursed +0 troll leather armour of Desmomancy (worn) {Regen+, Range, Alch}
   (You found it on level 9 of the Dungeon)

   Regen:     It increases your rate of health regeneration.
   It has a curse which improves the following skills: Ranged Combat: Slings,
   Bows, Crossbows and Throwing.
   Alchemy:   Poison Magic and Transmutations.
Jewellery
 p - the cursed ring of Ashenzari's Negligence (left hand) {Wiz, Cun, Self}
   (You found it on level 4 of the Dungeon)

   [ring of wizardry]

   It improves your spell success rate.
   It has a curse which improves the following skills: Cunning: Dodging and
   Stealth.
   Introspection: Fighting and Spellcasting.
 B - the cursed amulet "Oracular Relativism" (around neck) {Acrobat, Alch, Range}
   (You found it on level 8 of the Dungeon)

   [amulet of the acrobat]

   It increases your evasion while moving and waiting.
   It has a curse which improves the following skills: Alchemy: Poison Magic and
   Transmutations.
   Ranged Combat: Slings, Bows, Crossbows and Throwing.
 C - a ring of flight
 G - a +6 ring of strength
 T - the cursed ring "Visionary of Ashenzari" (right hand) {rN+ MP+9 Slay+2 SInv, Elem, Cun}
   (You found it on level 11 of the Dungeon)

   [ring of positive energy]

   Slay:      It affects your accuracy & damage with ranged weapons and melee
   (+2).
   rN:        It protects you from negative energy.
   MP:        It affects your magic capacity (+9).
   SInv:      It lets you see invisible.
   It has a curse which improves the following skills: Elements: Fire Magic, Ice
   Magic, Air Magic and Earth Magic.
   Cunning:   Dodging and Stealth.
Wands
 A - a wand of mindburst (3)
 F - a wand of iceblast (8)
 K - a wand of polymorph (11)
Scrolls
 e - 3 scrolls of enchant weapon
 f - 3 scrolls of blinking
 h - 9 scrolls of identify
 j - a scroll of fog
 s - 2 scrolls of vulnerability
 w - 3 scrolls of teleportation
 M - a scroll of amnesia
 N - a scroll of holy word
 O - a scroll of silence
 R - 2 scrolls of enchant armour
 U - 3 scrolls of brand weapon
Potions
 b - a potion of brilliance
 c - a potion of magic
 d - 2 potions of heal wounds
 g - 4 potions of curing
 n - 3 potions of might
 u - a potion of attraction
 v - 2 potions of mutation
 x - 2 potions of degeneration
 z - a potion of lignification
 E - 2 potions of haste
 P - a potion of cancellation
Miscellaneous
 L - a box of beasts
 Q - a lightning rod (4/4)
 S - a condenser vane


   Skills:
 + Level 4.1(7.2) Fighting
 + Level 3.5(6.5) Dodging
 - Level 2.1(4.7) Stealth
 - Level 4.0 Shields
 + Level 9.9(13.3) Spellcasting
 + Level 11.3(13.5) Conjurations
 - Level 4.0(7.1) Transmutations
 + Level 12.9(16.3) Earth Magic


You had 20 spell levels left.
You knew the following spells:

 Your Spells              Type           Power      Damage    Failure   Level
a - Sandblast             Erth           100%       2d20      0%          1
b - Passwall              Tmut/Erth      49%        N/A       1%          2
c - Stone Arrow           Conj/Erth      100%       3d13      1%          3
d - Petrify               Tmut/Erth      59%        N/A       1%          4
e - Orb of Destruction    Conj           31%        9d10      11%         7

Your spell library contained the following spells:

 Spells                   Type           Power      Damage    Failure   Level
 Spider Form              Tmut/Pois      30%        N/A       1%          3
 Flame Wave               Conj/Fire      43%        2d9       1%          4
 Corpse Rot               Necr/Air       30%        N/A       4%          2
 Ensorcelled Hibernation  Hex/Ice        30%        N/A       4%          2
 Scorch                   Fire           32%        2d7       4%          2
 Summon Guardian Golem    Hex/Summ       14%        N/A       9%          3
 Anguish                  Hex/Necr       7%         N/A       28%         4
 Dispel Undead            Necr           14%        3d10      28%         4
 Spellforged Servitor     Conj/Summ      21%        N/A       82%         7
 Death Channel            Necr           7%         N/A       98%         6
 Summon Cactus Giant      Summ           7%         N/A       98%         6


Dungeon Overview and Level Annotations

Branches:
Dungeon (12/15)            Temple (0/1) D:6            Lair (0/6) D:9
    Orc (0/2) D:12

Altars:
Ashenzari
Elyvilon
Fedhas
Kikubaaqudgha
Sif Muna
Xom

Shops:
D:1 =


Innate Abilities, Weirdness & Mutations

You are immune to sickness and miasma.
Your stone body is resilient. (AC +8)
You are immune to poison.
You resist negative energy. (rN+)
You are resistant to electric shocks. (rElec)
You are resistant to unholy torment.
You are immune to petrification.


Message History

The sling bullet freezes the centaur warrior.
The centaur warrior is lightly wounded.
The centaur warrior unwields a +0 flail of venom.
It stops dripping with poison.
The centaur warrior wields a +0 longbow.
The centaur warrior shoots an arrow.
The arrow hits you!
The centaur warrior shoots an arrow.
The arrow closely misses you.
Fire: m) +10 hunting sling of Neclila {freeze, Dex+5}
Press: ? - help, Q - select action, (/) - cycle Shift-Dir - straight line, f/p - centaur warrior
Aim: a centaur warrior, wielding a +0 longbow (lightly wounded, 76% to hit)
You shoot a sling bullet.
The sling bullet hits the centaur warrior!
The sling bullet freezes the centaur warrior.
The centaur warrior is moderately wounded.
The centaur warrior shoots an arrow.
The arrow hits you!
Fire: m) +10 hunting sling of Neclila {freeze, Dex+5}
Press: ? - help, Q - select action, (/) - cycle Shift-Dir - straight line, f/p - centaur warrior
Aim: a centaur warrior, wielding a +0 longbow (moderately wounded, 76% to hit)
You shoot a sling bullet.
The sling bullet hits the centaur warrior.
The sling bullet freezes the centaur warrior.
The centaur warrior is heavily wounded.
The centaur warrior shoots an arrow.
The arrow hits you!!
The centaur warrior shoots an arrow.
The arrow misses you.
The centaur warrior shoots an arrow.
The arrow hits you.
The centaur warrior shoots an arrow.
The arrow barely misses you.
There is a staircase to the Orcish Mines here.
The centaur warrior shoots an arrow.
The arrow hits you but does no damage.
Casting: Stone Arrow (safe; 1% risk of failure)
Confirm with . or Enter, or press ? or * to list all spells.
Aiming: Petrify (safe; 1% risk of failure)
Press: ? - help, Shift-Dir - straight line, f/p - centaur warrior
Aim: a centaur warrior, wielding a +0 longbow (moderately wounded, chance to affect: 59%)
The centaur warrior resists with significant effort.
The centaur warrior shoots an arrow.
The arrow hits you!
You hear a shout!
The centaur warrior shoots an arrow.
The arrow hits you!!
* * * LOW HITPOINT WARNING * * *
The centaur warrior shoots an arrow.
The arrow hits you.
You die...

.##..........#+#######..........#
.##..................#..........#
.##.^................'........†..
.##.....#+##....)....#..........#
.##.....#.##..(........##########
.##.....#.##...........## ** ####
.########>.c............. ,, .##
.### ###..>.#..........### ..#
.#######....#...@..[<..# *.#
.#######....#...........* * #
.#######....#########...*
.c{.{..c........[[..+, . ,,
#####.############### , *
..#(#.#!#...#########,, * ** ,
⌠..:#.#[..⌠.######### ,, ,, *
..#(#.#[#...# * , , * ###.###* ##
* ,,, ,,


You could see a centaur warrior.

Vanquished Creatures
  A sphinx (D:12)
  A hydra (D:12)
  A great orb of eyes (D:12)
  2 two-headed ogres
  A boulder beetle (D:11)
  A deep elf pyromancer (D:10)
  A cyclops (D:12)
  Joseph (D:7)
  A gargoyle (D:12)
  Psyche (D:10)
  2 unseen horrors
  A kobold demonologist (D:11)
  A yaktaur (D:12)
  2 meliai (shapeshifter) (D:12)
  5 trolls
  A hornet (D:6)
  3 vampires
  2 shadows
  5 wyverns
  3 wraiths
  7 yaks
  A basilisk (D:9)
  A steam dragon (D:10)
  An acid dragon (D:11)
  A water moccasin (D:7)
  4 orc warriors
  3 sky beasts
  An ice beast (D:5)
  3 black bears
  2 boggarts (D:12)
  8 ogres
  2 centaurs
  A phantom (D:2)
  A kobold brigand (D:10)
  3 bullfrogs
  A gnoll sergeant (D:6)
  A necrophage (D:5)
  A scorpion (D:4)
  5 wights (D:9)
  5 killer bees (D:8)
  6 howler monkeys
  2 jellies
  2 hounds
  An orc priest (D:8)
  2 iguanas
  14 orc wizards
  Robin (D:3)
  11 adders
  3 gnolls (D:6)
  A shadow imp (D:5)
  2 white imps
  An ufetubus (D:5)
  2 worms
  A dart slug (D:4)
  38 orcs
  3 ball pythons
  5 endoplasms
  2 giant cockroaches
  14 goblins
  8 hobgoblins
  11 jackals
  13 kobolds
  6 quokkas
  4 bats
  4 frilled lizards
  5 rats
250 creatures vanquished.

Notes
Turn   | Place    | Note
-------+----------+-------------------------------------------
     0 | D:1      | testman the Gargoyle Earth Elementalist began the quest for
                  | the Orb.
     0 | D:1      | Reached XP level 1. HP: 10/10 MP: 3/3
   125 | D:1      | Reached skill level 1 in Transmutations
   139 | D:1      | Reached XP level 2. HP: 13/15 MP: 0/5
   247 | D:1      | Found Ryengeso's Jewellery Shoppe.
   311 | D:1      | Reached skill level 4 in Earth Magic
   323 | D:1      | Found a faded altar of an unknown god.
   352 | D:1      | Learned a level 2 spell: Passwall
   641 | D:1      | Reached XP level 3. HP: 19/19 MP: 4/6
   645 | D:1      | Learned a level 3 spell: Stone Arrow
   887 | D:2      | Reached skill level 1 in Conjurations
  1074 | D:2      | Identified the +10 hunting sling of Neclila {freeze, Dex+5}
  1379 | D:2      | Reached XP level 4. HP: 24/24 MP: 7/7
  1483 | D:2      | Noticed a phantom
  1492 | D:2      | Killed a phantom
  1493 | D:2      | Reached skill level 5 in Earth Magic
  1493 | D:2      | Reached XP level 5. HP: 28/28 MP: 2/9
  2097 | D:3      | Noticed Robin
  2102 | D:3      | Killed Robin
  2277 | D:3      | Reached skill level 1 in Shields
  2277 | D:3      | Reached XP level 6. HP: 32/32 MP: 11/11
  2934 | D:4      | Learned a level 4 spell: Petrify
  3095 | D:4      | Reached XP level 7. HP: 35/36 MP: 12/12
  3499 | D:5      | Entered Level 5 of the Dungeon
  3529 | D:5      | Reached skill level 6 in Earth Magic
  3782 | D:5      | Reached XP level 8. HP: 14/41 MP: 10/14
  4850 | D:5      | Found a white marble altar of Elyvilon.
  4853 | D:5      | Found a broken altar of Ashenzari.
  4856 | D:5      | Found a blossoming altar of Fedhas.
  4861 | D:5      | Became a worshipper of Ashenzari the Shackled
  5206 | D:6      | Reached skill level 5 in Conjurations
  5206 | D:6      | Reached skill level 7 in Earth Magic
  5392 | D:6      | Reached skill level 5 in Spellcasting
  5565 | D:6      | Noticed a hornet
  5569 | D:6      | Killed a hornet
  5616 | D:6      | Reached XP level 9. HP: 45/45 MP: 17/17
  5816 | D:6      | Found a staircase to the Ecumenical Temple.
  5832 | D:6      | Identified a scroll of acquirement
  5833 | D:6      | Acquired the +1 pair of gloves "Ymoblo" {rPois}
  5848 | D:6      | Reached skill level 8 in Earth Magic
  6201 | D:6      | You fall into a shaft and drop 2 floors!
  6502 | D:8      | Reached * piety under Ashenzari
  6686 | D:8      | Found a shimmering altar of Xom.
  6955 | D:7      | Reached skill level 9 in Earth Magic
  7188 | D:6      | Reached ** piety under Ashenzari
  7318 | D:7      | Noticed Joseph
  7321 | D:7      | Killed Joseph
  7322 | D:7      | Reached XP level 10. HP: 49/50 MP: 11/22
  8560 | D:9      | Reached skill level 10 in Earth Magic
  8742 | D:9      | Found a staircase to the Lair.
  8801 | D:9      | Reached *** piety under Ashenzari
  9255 | D:10     | Entered Level 10 of the Dungeon
  9259 | D:10     | Noticed Psyche
  9263 | D:10     | Killed Psyche
  9327 | D:10     | Noticed a deep elf pyromancer
  9333 | D:10     | Killed a deep elf pyromancer
  9477 | D:10     | Noticed an unseen horror
  9480 | D:10     | Killed an unseen horror
  9481 | D:10     | Reached skill level 11 in Earth Magic
  9497 | D:10     | Reached **** piety under Ashenzari
  9948 | D:10     | Noticed a two-headed ogre
  9954 | D:10     | Killed a two-headed ogre
  9955 | D:10     | Reached XP level 11. HP: 55/55 MP: 16/26
 10049 | D:10     | Found a shimmering blue altar of Sif Muna.
 10053 | D:10     | Found an ancient bone altar of Kikubaaqudgha.
 10666 | D:11     | Found a broken altar of Ashenzari.
 10783 | D:11     | Reached skill level 10 in Conjurations
 10885 | D:11     | Noticed a boulder beetle
 10901 | D:11     | Killed a boulder beetle
 11206 | D:11     | Identified the ring "Ogeloex" {rN+ MP+9 Slay+2 SInv}
 11217 | D:11     | Reached ***** piety under Ashenzari
 11267 | D:11     | Noticed a two-headed ogre
 11272 | D:11     | Killed a two-headed ogre
 11273 | D:11     | Reached skill level 12 in Earth Magic
 11281 | D:11     | Learned a level 7 spell: Orb of Destruction
 11576 | D:12     | Reached skill level 1 in Fighting
 11947 | D:12     | Found a staircase to the Orcish Mines.
 12037 | D:12     | Noticed a sphinx
 12047 | D:12     | Noticed a cyclops
 12157 | D:12     | Identified Sif Muna's Catalogue of Orientation and
                  | Contamination
 12170 | D:12     | Noticed a deep troll earth mage
 12172 | D:12     | Noticed a death drake
 12173 | D:12     | Noticed a great orb of eyes
 12173 | D:12     | Found the +5 glaive of the Guard {elec, spectral, AC+5}
 12173 | D:12     | Noticed a centaur warrior
 12177 | D:12     | Reached XP level 12. HP: 69/69 MP: 29/29
 12177 | D:12     | Noticed a seven-headed hydra
 12223 | D:12     | Killed a great orb of eyes
 12291 | D:12     | Killed a sphinx
 12326 | D:12     | Killed a seven-headed hydra
 12481 | D:12     | HP: 1/72 [centaur warrior/arrow (25)]
 12481 | D:12     | Shot with an arrow by a centaur warrior

Illustrated notes

Levels and vault maps discovered:
D:1:      heliophobic_arrival_ceremonial_halls, layout_rooms, serial_shops,
          shop, dreamdust_ecumenical_altar_hidden_monk_grotto, nicolae_wormholes
D:2:      layout_basic, minmay_misc_feat_x, minmay_tetromino_i4
D:3:      layout_loops_corners, uniq_robin
D:4:      layout_basic, kennysheep_generic_room_14
D:5:      layout_layer_cave, grunt_temple_overflow_diamond, roderic_lattice_a,
          serial_bayou_pond_b, serial_park_tiny_pond, minmay_misc_feat_hallway
D:6:      layout_layer_cave, minmay_temple_entry_steel_oval
D:7:      layout_basic, uniq_joseph
D:8:      layout_basic, pf_just_have_faith, skrybe_limestone_x, grunt_ogre_cave,
          kennysheep_cluttered_room
D:9:      layout_rooms, david_lair_generic, minmay_misc_feat_iff,
          nicolae_straight_to_the_point
D:10:     layout_loops_corners, minitemple, uniq_psyche
D:11:     layout_irregular_city, serial_column_ruins, column_ruins_square_large,
          column_ruins_hut, column_ruins_grid_3, column_ruins_open_small,
          column_ruins_open_medium, column_ruins_open_large,
          evilmike_ruin_ashenzari
D:12:     minmay_guarded_unrand_guard, layout_basic

Skill      XL: |  1  2  3  4  5  6  7  8  9 10 11 12 |
---------------+-------------------------------------+-----
Transmutations | 1 2 3 4 |  4.0
Earth Magic    | 4 5 6 7 9 11 12 | 12.9
Conjurations   | 1 2 3 4 5 7 9 10 11 | 11.3
Spellcasting   | 3 4 5 6 8 9 |  9.9
Shields        | 1 2 3 4 |  4.0
Fighting       | 2 4 |  4.1
Dodging        | 2 3 |  3.5
Stealth        | |  2.1

Action                   |  1- 3 |  4- 6 |  7- 9 | 10-12 || total
-------------------------+-------+-------+-------+-------++-------
Melee: Club              |     9 |       |       |       ||     9
       Punch             |     1 |       |       |       ||     1
       Short sword       |    35 |       |       |       ||    35
 Fire: Hunting sling     |     4 |   124 |   181 |   164 ||   473
Throw: Stone             |     1 |       |       |       ||     1
 Cast: Sandblast         |    25 |    13 |     4 |       ||    42
       Stone Arrow       |       |       |    23 |   114 ||   137
       Passwall          |       |       |       |     2 ||     2
       Petrify           |       |       |       |     1 ||     1
       Orb of Destructio |       |       |       |     1 ||     1
Invok: Curse Item        |       |       |     3 |     5 ||     8
  Use: Scroll            |       |       |     7 |     1 ||     8
       Potion            |       |       |       |     1 ||     1
 Stab: Sleeping          |     1 |       |       |       ||     1
Armor: Robe              |    16 |    17 |    37 |       ||    70
       Troll leather arm |       |       |       |    31 ||    31
Dodge: Dodged            |    27 |    24 |    36 |    42 ||   129
Block: Buckler           |       |     5 |    24 |    17 ||    46

Table legend: (Time is in decaauts)
 A = Elapsed time spent in this place.
 B = Non-inter-level travel time spent in this place.
 C = Inter-level travel time spent in this place.
 D = Time resting spent in this place.
 E = Time spent auto-exploring this place.
 F = Levels seen in this place.
 G = Mean time per level.
                   A        B        C        D        E       F      G
               +--------+--------+--------+--------+--------+-----+--------+
         Total |  12746 |  12294 |    452 |   1908 |   8550 |  12 | 1062.2 |
       Dungeon |  12746 |  12294 |    452 |   1908 |   8550 |  12 | 1062.2 |
               +--------+--------+--------+--------+--------+-----+--------+

Top non-repeatable levels by time:
     D:6: 1527 daAuts
     D:5: 1462 daAuts
    D:10: 1346 daAuts
     D:8: 1274 daAuts
     D:3: 1133 daAuts
     D:2: 1042 daAuts
    D:12: 974 daAuts
    D:11: 963 daAuts
     D:9: 886 daAuts
     D:1: 754 daAuts
     D:7: 710 daAuts
     D:4: 671 daAuts
